 Dungeon Crawl Stone Soup version 0.27-a0-1557-g57f10a385c (webtiles) character file.

Game seed: 4530957571734186747

46 elagabalus the Poker (level 3, 31/31 HPs)
             Began as a Minotaur Fighter on July 14, 2021.
             Quit the game on level 3 of the Dungeon on July 15, 2021.
             The game lasted 00:15:18 (1601 turns).

elagabalus the Poker (Minotaur Fighter)             Turns: 1601, Time: 00:15:19

Health: 31/31      AC: 14    Str: 21    XL:     3   Next: 46%
Magic:  2/2        EV:  5    Int:  5    God:
Gold:   105        SH: 10    Dex:  9    Spells: 2/2 levels left

rFire    . . .     SeeInvis .   a - +0 trident
rCold    . . .     Faith    .   c - +1 kite shield
rNeg     . . .     Spirit   .   l - +0 chain mail
rPois    .         Reflect  .   (helmet restricted)
rElec    .         Harm     .   b - +0 cloak
rCorr    .         Rampage  .   (no gloves)
Will     .....                  (no boots)
Stlth    ..........             (no amulet)
HPRegen  0.10/turn              f - +4 ring of protection
MPRegen  0.08/turn              (no ring)

@: no status effects
A: horns 2, retaliatory headbutt
a: no special abilities


You were on level 3 of the Dungeon.
You visited 1 branch of the dungeon, and saw 3 of its levels.

You collected 105 gold pieces.

Inventory:

Hand Weapons
 a - a +0 trident (weapon)
Missiles
 e - 2 throwing nets (quivered)
Armour
 b - a +0 cloak (worn)
 c - a +1 kite shield (worn)
 l - a +0 chain mail (worn)
Magical Staves
 h - a staff of fire
Jewellery
 f - a +4 ring of protection (left hand)
Potions
 d - a potion of might
 g - a potion of degeneration
 i - a potion of berserk rage
 j - a potion of brilliance {unknown}


   Skills:
 - Level 3.6 Fighting
 + Level 4.8 Polearms
 - Level 3.6 Armour
 - Level 3.6 Shields


You had 2 spell levels left.
You didn't know any spells.
Your spell library contained the following spells:

 Spells                   Type           Power      Damage    Failure   Level
 Call Canine Familiar     Summ           0%         N/A       100%        3
 Portal Projectile        Hex/Tloc       0%         N/A       100%        3
 Leda's Liquefaction      Hex/Erth       0%         N/A       100%        4


Dungeon Overview and Level Annotations

Branches:
Dungeon (3/15)

Altars:
Uskayaw


Innate Abilities, Weirdness & Mutations

You have a pair of horns on your head.
You reflexively headbutt those who attack you in melee.


Message History

You completely miss the kobold.
The kobold is heavily wounded.
The kobold hits you but does no damage.
You barely miss the kobold.
The kobold is heavily wounded.
You block the kobold's attack. The kobold hits you but does no damage.
You hit the kobold.
You kill the kobold!
Things that are here:
a +0 club; 3 stones
There is an open door here.
Found 15 gold pieces.
There is an open door here.
Found a scroll of identify.
You now have 105 gold pieces (gained 15).
j - a scroll of identify
As you read the scroll of identify, it crumbles to dust.
g - a potion of degeneration
Okay, then.
Found a spear.
Found a mace.
Found a hide-covered altar of Uskayaw.
A goblin comes into view. It is wielding a +0 club.
Found a fuming dark potion.
The goblin shouts!
Reach: a) +0 trident
Press: ? - help, Dir - move target, f - goblin
Aim: a goblin, wielding a +0 club (about 53% to evade your +0 trident)
You reach to attack!
You closely miss the goblin. You hit the goblin. You headbutt the goblin.
You kill the goblin!
You see here a +0 mace.
Found 15 gold pieces.
j - a fuming dark potion
There are no items here.
Are you sure you want to abandon this character and quit the game? (Confirm with "yes".)
Okay, then.
Saving game... please wait.
Welcome back, elagabalus the Minotaur Fighter.
Press ? for a list of commands and other information.
Are you sure you want to abandon this character and quit the game? (Confirm with "yes".)

## .# .# .#
######### #######
.# ##.......
....... .#
#.......###....#
.#
#..#.8..._...8.###
.#
#..#.....)@......$
.#
#..#.8.......8...#
.#
#..#..).).......##
##
#..#.8.......8.##
##
#................
.#
#.###.#..#.###.###
.# #.# #......# +#
.# ##.########..
.# #...# # ##.


There were no monsters in sight!

Vanquished Creatures
  An adder (D:2)
  A worm (D:2)
  A dart slug (D:1)
  5 endoplasms (D:1)
  6 goblins
  A quokka (D:1)
  2 ball pythons
  3 bats (D:1)
  A frilled lizard (D:1)
  A jackal skeleton (D:3)
  6 kobolds
  2 rats (D:1)
  A spectral hobgoblin (D:1)
31 creatures vanquished.

Notes
Turn   | Place    | Note
-------+----------+-------------------------------------------
     0 | D:1      | elagabalus the Minotaur Fighter began the quest for the
                  | Orb.
     0 | D:1      | Reached XP level 1. HP: 19/19 MP: 0/0
   181 | D:1      | Reached skill level 3 in Polearms
   202 | D:1      | Reached XP level 2. HP: 18/26 MP: 1/1
   345 | D:1      | Found a faded altar of an unknown god.
   495 | D:1      | Reached skill level 4 in Polearms
   770 | D:2      | Reached XP level 3. HP: 19/31 MP: 2/2
  1589 | D:3      | Found a hide-covered altar of Uskayaw.
  1601 | D:3      | Upgraded the game from 0.27-a0-1555-g0e7b3fb1d2 to
                  | 0.27-a0-1557-g57f10a385c
  1601 | D:3      | Quit the game

Illustrated notes

Levels and vault maps discovered:
D:1:      dpeg_arrival_pits, layout_basic,
          dreamdust_ecumenical_altar_drowned_temple
D:2:      layout_loops_ring
D:3:      kennysheep_big_flooded_room, layout_loops_corners,
          eat_drink_and_be_merry_uskayaw, lemuel_crystal_altar, uniq_ijyb

Skill      XL: |  1  2 |
---------------+-------+-----
Polearms       | 3 4 |  4.8
Fighting       | |  3.6
Armour         | |  3.6
Shields        | |  3.6

Action                   || total
-------------------------++-------
Melee: Trident           ||    84
       Headbutt          ||     8
  Use: Scroll            ||     7
 Stab: Distracted        ||     1
Armor: Scale mail        ||    11
       Chain mail        ||     7
Dodge: Dodged            ||    12
Block: Kite shield       ||    33

Table legend: (Time is in decaauts)
 A = Elapsed time spent in this place.
 B = Non-inter-level travel time spent in this place.
 C = Inter-level travel time spent in this place.
 D = Time resting spent in this place.
 E = Time spent auto-exploring this place.
 F = Levels seen in this place.
 G = Mean time per level.
                   A        B        C        D        E       F      G
               +--------+--------+--------+--------+--------+-----+--------+
         Total |   1636 |    266 |   1370 |      0 |      0 |   3 |  545.3 |
       Dungeon |   1636 |    266 |   1370 |      0 |      0 |   3 |  545.3 |
               +--------+--------+--------+--------+--------+-----+--------+

Top non-repeatable levels by time:
     D:2: 758 daAuts
     D:1: 644 daAuts
     D:3: 232 daAuts
